[Event "Late-Titled-Tuesday-Blitz-August-29-2023"]
[Site "Chess.com"]
[Date "2023.08.29"]
[Round "3"]
[White "GM_dmitrij"]
[Black "TanitoluwaAps116"]
[Result "1-0"]
[WhiteElo "3057"]
[BlackElo "2783"]
[TimeControl "180+1"]
[EndTime "14:28:12 PDT"]
[Termination "GM_dmitrij won on time"]

1. e4 c5 2. c3 Nf6 3. e5 Nd5 4. Bc4 Nb6 5. Bb3 d5 6. d4 cxd4 7. cxd4 Nc6 8. Bc2 Nb4 9. Nc3 Nxc2+ 10. Qxc2 Bd7 11. Nf3 e6 12. O-O Bb4 13. Bg5 Qc7 14. Rac1 Rc8 15. Qd3 Qc4 16. Qb1 O-O 17. Bd2 Qa6 18.
Ng5 g6 19. Rfd1 Nc4 20. Be1 Be7 21. h4 f6 22. exf6 Bxf6 23. b3 Nd6 24. Nf3 Nf5 25. g3 Rc6 26. Na4 b6 27. Rxc6 Bxc6 28. Bb4 Rf7 29.
Nc3 Qb7 30. Qd3 a5 31. Ba3 Qc7 32. Kg2 h5 33. Re1 Kg7 34. Rxe6 Qd7 35. Re1 Nd6 36. Bxd6 Qxd6 37. Ne5 Bxe5 38. Rxe5 Qf6 39. Qe3 Qd6 40. Ne2 Bb5 41. Nf4 Rf5 42. Re6 Qd7 43. Rxg6+ Kf7 44.
Rh6 Kg7 45. Re6 Kf7 46. Re5 Rxe5 47. Qxe5 1-0

[Event "Late-Titled-Tuesday-Blitz-August-29-2023"]
[Site "Chess.com"]
[Date "2023.08.29"]
[Round "3"]
[White "Mourinho_Jose"]
[Black "Mops_2004"]
[Result "0-1"]
[WhiteElo "2496"]
[BlackElo "2774"]
[TimeControl "180+1"]
[EndTime "14:28:14 PDT"]
[Termination "Mops_2004 won on time"]

1. Nf3 f5 2. g3 Nf6 3. Bg2 g6 4. O-O Bg7 5. d4 O-O 6. c4 d6 7. b3 Ne4 8. Bb2 Nc6 9. Nbd2 e5 10. dxe5 Nxd2 11. Qxd2 dxe5 12. Rfd1 Qe7 13. e3 Be6 14. Qe2 g5 15. Ne1 g4 16. Bxc6 bxc6 17. Nd3 Bc8 18. a4 Re8 19. Ba3 Qf7 20. Nc5 f4 21. Rd2 h5 22. Re1 Bf5 23. Qd1 Bf8 24. Qc1 h4 25.
Red1 hxg3 26. hxg3 f3 27. Rd7 Qh5 28. R1d2 Qh3 29.
Qf1 Qxf1+ 30. Kxf1 Bxd7 31. Rxd7 Rad8 32. Rxd8 Rxd8 33.
Ke1 Bxc5 34. Bxc5 a6 35. b4 Rd3 36. e4 Kf7 37. a5 Rc3 38. Kd2 Rxc4 39. Kd3 Rc1 0-1

[Event "Late-Titled-Tuesday-Blitz-August-29-2023"]
[Site "Chess.com"]
[Date "2023.08.29"]
[Round "3"]
[White "Michalczak"]
[Black "Ncatt"]
[Result "1/2-1/2"]
[WhiteElo "2517"]
[BlackElo "2424"]
[TimeControl "180+1"]
[EndTime "14:28:14 PDT"]
[Termination "Game drawn by repetition"]

1. e4 c5 2. c3 d5 3. exd5 Qxd5 4. Nf3 Nf6 5. Na3 e6 6. Bc4 Qd8 7. O-O Nc6 8. Qe2 Be7 9. Rd1 O-O 10. d4 cxd4 11. Nb5 a6 12. Nbxd4 Qc7 13. Nxc6 Qxc6 14. Ne5 Qc5 15. b4 Qc7 16. Bf4 b5 17. Ng6 Qxc4 18.
Nxe7+ Kh8 19. Qf3 Ra7 20. Nc6 Bb7 21. Rd6 Ne8 22. Rad1 Nxd6 23. Rxd6 Raa8 24. Na5 Bxf3 25. Nxc4 Bd5 26. Nb6 Rad8 27. Nd7 Rfe8 28. Ne5 Rxd6 29.
Nxf7+ Kg8 30. Nxd6 Rf8 31. Be5 Bxa2 32. f4 Bd5 33. Kf2 g5 34. g3 gxf4 35. gxf4 h6 36. Ke3 Kh7 37. Kd4 Rg8 38. f5 Rg2 39. Kc5 Re2 40. Kd4 Bf3 41. f6 Bd5 42. f7 Rf2 43. Kc5 Kg6 44. Kb6 Rxf7 45. Nxf7 Kxf7 46. Kxa6 Bc4 47.
Kb6 Kg6 48. Kc5 Kf5 49. Kd6 h5 50. Bg3 Kg4 51. Be5 h4 52. Kc5 h3 53. Kd6 Kf5 54. Bg3 Kg4 55. Be5 Kf5 56. Bg3 Kg4 57. Be5 1/2-1/2

[Event "Late-Titled-Tuesday-Blitz-August-29-2023"]
[Site "Chess.com"]
[Date "2023.08.29"]
[Round "3"]
[White "AndreiITrifan"]
[Black "zsoltkorpics"]
[Result "1-0"]
[WhiteElo "2564"]
[BlackElo "2382"]
[TimeControl "180+1"]
[EndTime "14:28:15 PDT"]
[Termination "AndreiITrifan won on time"]

1. Nf3 Nf6 2. b3 d5 3. Bb2 Bg4 4. e3 Nbd7 5. Be2 Bxf3 6. Bxf3 e5 7. d3 Bd6 8. Nd2 O-O 9. O-O Qe7 10. e4 c6 11. Re1 Rae8 12. h3 Qd8 13. a4 h6 14. Nf1 d4 15. c3 c5 16. Nd2 Re6 17. Nc4 Bb8 18. Qc2 Nh7 19. Bg4 Rg6 20. Ba3 b6 21. b4 Nhf6 22. Bf5 Rg5 23. Bc1 Rh5 24.
cxd4 cxd4 25. Qe2 g6 26. Bg4 Nxg4 27. Qxg4 Nf6 28. Qf3 a6 29. b5 a5 30. Ba3 Re8 31. Rac1 Rg5 32. Rc2 h5 33. Bc1 Nh7 34. Bd2 h4 35.
Rec1 Rh5 36. Nb2 Ng5 37. Qg4 Qe7 38. Rc8 Kg7 39. Rxe8 Qxe8 40. Bxg5 f5 41. exf5 Qd7 42. f6+ 1-0

[Event "Late-Titled-Tuesday-Blitz-August-29-2023"]
[Site "Chess.com"]
[Date "2023.08.29"]
[Round "3"]
[White "Defenstrator"]
[Black "WindWhistler11"]
[Result "0-1"]
[WhiteElo "2304"]
[BlackElo "2475"]
[TimeControl "180+1"]
[EndTime "14:28:15 PDT"]
[Termination "WindWhistler11 won on time"]

1. e4 e6 2. b4 Bxb4 3. Bb2 Bf8 4. Qg4 Nf6 5. Qh4 Be7 6. e5 Nd5 7. Qg3 g6 8. Nc3 Nb4 9. O-O-O N8c6 10. a3 Na6 11.
Ne4 Rb8 12. h4 Rg8 13. h5 g5 14. h6 b5 15. Bd3 b4 16. a4 b3 17. Nf6+ Bxf6 18.
exf6 bxc2 19. Bxc2 Rxb2 20. Kxb2 Qxf6+ 21. Qc3 Qxc3+ 22. dxc3 Rh8 23. Nf3 f6 24. Nd4 Ne5 25. f3 Nc4+ 26. Kc1 Ne3 27. Rd2 Nc4 28. Re2 Nc5 29. Nf5 Kf7 30.
Ng3 Ba6 31. Rf2 Ne5 32. Ne4 Ncd3+ 33. Bxd3 Nxd3+ 34. Kd2 Nxf2 35. Nxf2 Rb8 36. Ke3 Rb2 37. Ne4 d6 38. g4 Re2+ 39. Kd4 c5+ 40. Nxc5 dxc5+ 41. Kxc5 Re3 42. Rd1 Rxc3+ 43. Kb4 Rxf3 44. Ka5 Be2 45.
Rd7+ Kg6 46. Rxa7 Rf4 47. Kb6 Rxg4 48. a5 Ra4 49. Re7 e5 50. Rd7 Kxh6 51. Rd6 Kg6 52.
Rd2 Bc4 53. Rc2 g4 54. Kc5 Bd3 55. Rd2 e4 56. Kd6 Kg5 57. Ke6 g3 0-1

[Event "Late-Titled-Tuesday-Blitz-August-29-2023"]
[Site "Chess.com"]
[Date "2023.08.29"]
[Round "3"]
[White "KejJaj"]
[Black "arenal72"]
[Result "0-1"]
[WhiteElo "2216"]
[BlackElo "2530"]
[TimeControl "180+1"]
[EndTime "14:28:16 PDT"]
[Termination "arenal72 won on time"]

1. d4 d6 2. Bf4 Nf6 3. Nf3 g6 4. Nc3 Bg7 5. e4 O-O 6. Qd2 a6 7. O-O-O b5 8. Bd3 Bb7 9. d5 c6 10. dxc6 Nxc6 11. Bh6 b4 12. Ne2 Qa5 13. Kb1 Rfc8 14.
Bxg7 Kxg7 15. h4 h5 16. Qe3 Ng4 17. Qf4 e5 18. Qg3 b3 19. cxb3 Nb4 20. a3 Nxd3 21.
Rxd3 Bxe4 22. Rd1 Qb5 23. Ng5 Bxd3+ 24. Rxd3 Rc7 25. f3 Nf6 26. f4 e4 27. Rd2 Rac8 28. Nd4 Qd7 29. f5 Rc1+ 30. Ka2 Rf1 31. fxg6 Rcc1 32. Nc2 fxg6 33. Qc3 Qe7 34. b4 Qe8 35. Re2 Qg8+ 36. b3 d5 37. Qc7+ Kh6 38. Qe5 Qg7 39.
Ne6 Qf7 40. Qg5+ Kh7 41. Ned4 Ng4 0-1

[Event "Late-Titled-Tuesday-Blitz-August-29-2023"]
[Site "Chess.com"]
[Date "2023.08.29"]
[Round "3"]
[White "eldur16"]
[Black "colegiodemadrid"]
[Result "1-0"]
[WhiteElo "2630"]
[BlackElo "2439"]
[TimeControl "180+1"]
[EndTime "14:28:17 PDT"]
[Termination "eldur16 won on time"]

1. e4 e5 2. Nf3 Nc6 3. Bb5 g6 4. c3 d6 5. d4 Bd7 6. O-O a6 7. Ba4 Bg7 8. Be3 Nf6 9. Nbd2 O-O 10. h3 Re8 11. Bc2 exd4 12. cxd4 Nb4 13. Bb1 Bb5 14.
Re1 Nd3 15. Bxd3 Bxd3 16. Bg5 h6 17. Qb3 Bb5 18. Bh4 Qc8 19. Rac1 Nh5 20. Nc4 Qd7 21. Qc2 g5 22. Bg3 Nxg3 23. fxg3 Bxc4 24. Qxc4 c6 25. Qd3 Re7 26. g4 Rae8 27. Re2 Qe6 28. b3 Qd7 29.
Rce1 Qd8 30. h4 Qd7 31. hxg5 hxg5 32. Nxg5 Qxg4 33. Nf3 Bh6 34. e5 d5 35. Rf1 Re6 36.
Nh2 Qg7 37. Rf5 Rg6 38. Nf3 Re7 39. Nh4 Rg4 40. Rh5 Bg5 41. Nf5 Qg6 42. Nxe7+ Bxe7 43. Qh3 Kg7 44. Rf2 Rg3 45. Rh7+ 1-0

[Event "Late-Titled-Tuesday-Blitz-August-29-2023"]
[Site "Chess.com"]
[Date "2023.08.29"]
[Round "3"]
[White "nitpicker"]
[Black "komogro"]
[Result "0-1"]
[WhiteElo "2290"]
[BlackElo "2472"]
[TimeControl "180+1"]
[EndTime "14:28:17 PDT"]
[Termination "komogro won by resignation"]

1. d4 Nf6 2. c4 g6 3. Nc3 Bg7 4.
e4 d6 5. Be2 O-O 6. Nf3 Na6 7. Be3 Ng4 8. Bg5 f6 9. Bh4 e5 10. d5 h5 11. h3 Nh6 12. Nd2 Qe8 13. a3 f5 14. b4 fxe4 15. Ndxe4 Nf5 16. Bg5 Nd4 17. Bd3 Bf5 18. O-O Qd7 19. h4 c6 20.
dxc6 bxc6 21. b5 Nc5 22. Nxc5 dxc5 23. Be4 Bxe4 24. Nxe4 cxb5 25. cxb5 Qxb5 26. Rc1 Ne2+ 27. Kh2 Nxc1 28. Qd5+ Kh7 29. Rxc1 Rac8 30. Be3 Qc6 31.
Ng5+ Kh8 32. Nf7+ Kg8 33. Nh6+ Kh7 34. Qd2 c4 35. g4 c3 36. Qd3 Bxh6 37. gxh5 Bxe3 38.
Qxe3 gxh5 39. Rg1 Rg8 40. Rg5 Rxg5 41. Qxg5 Qg6 42. Qe7+ Kh6 43. Qxe5 Re8 44. Qxc3 Qd6+ 45. Kg2 Rg8+ 46. Kh1 Qd5+ 47. f3 Qd1+ 0-1

[Event "Late-Titled-Tuesday-Blitz-August-29-2023"]
[Site "Chess.com"]
[Date "2023.08.29"]
[Round "3"]
[White "Sajkochess"]
[Black "MYMChessAcademy"]
[Result "1-0"]
[WhiteElo "2419"]
[BlackElo "2221"]
[TimeControl "180+1"]
[EndTime "14:28:18 PDT"]
[Termination "Sajkochess won by checkmate"]

1. e4 c5 2. Nf3 d6 3. d4 cxd4 4. Nxd4 Nf6 5. Nc3 a6 6. g3 e5 7. Nde2 g6 8. Bg2 Bg7 9. O-O O-O 10. Bg5 Be6 11. Bxf6 Bxf6 12. Nd5 Bxd5 13. Qxd5 Nc6 14. Rfd1 Be7 15. h4 Qc7 16. c3 Rad8 17. h5 Bf6 18.
Bh3 Ne7 19. Qd2 d5 20. Qe3 Bg7 21. exd5 Nxd5 22. Qf3 Nb6 23. Bg2 Rxd1+ 24. Rxd1 Rd8 25. Nc1 Rxd1+ 26. Qxd1 Nc4 27. Qb3 b5 28. Nd3 Qd6 29.
Qc2 a5 30. b4 axb4 31. cxb4 Qd4 32. Nc5 f5 33. a4 f4 34. gxf4 exf4 35. axb5 Be5 36. Nb3 Ne3 37. Nxd4 Nxc2 38. Nxc2 Kf7 39. b6 Bf6 40. b7 Be5 41. Nd4 Bb8 42. Nc6 Bc7 43.
b8=Q Bxb8 44. Nxb8 gxh5 45. Na6 h6 46. b5 h4 47. b6 h5 48. b7 h3 49. Bxh3 h4 50.
b8=Q Kg6 51. Qe5 f3 52. Qf5+ Kh6 53. Bg4 Kg7 54. Bh5 Kh8 55. Qf6+ Kh7 56. Bg6+ Kh6 57. Bf5+ Kh5 58. Qg6# 1-0

[Event "Late-Titled-Tuesday-Blitz-August-29-2023"]
[Site "Chess.com"]
[Date "2023.08.29"]
[Round "3"]
[White "h4parah5"]
[Black "PepeCuenca"]
[Result "1-0"]
[WhiteElo "2977"]
[BlackElo "2731"]
[TimeControl "180+1"]
[EndTime "14:28:20 PDT"]
[Termination "h4parah5 won on time"]

1. e4 c5 2. Nf3 Nc6 3. Nc3 e5 4. Bc4 g6 5. d3 h6 6. O-O Bg7 7.
Ne1 d6 8. f4 Nf6 9. Nf3 O-O 10.
Kh1 exf4 11. Bxf4 Nh5 12. Be3 Be6 13. Nd5 Na5 14. Qd2 Kh7 15. Rad1 Nxc4 16. dxc4 Qd7 17. b3 Rad8 18. Nf4 Nf6 19. Qd3 Ng4 20. Nxe6 Qxe6 21.
Bf4 Rfe8 22. h3 Nf6 23. Nd2 Nxe4 24. Nxe4 Qxe4 25. Bxd6 Qe6 26. Qd5 f5 27. Qxe6 Rxe6 28.
Bxc5 Rxd1 29. Rxd1 Re2 30. Rd7 Kg8 31. Rd8+ Kf7 32.
Rd7+ Kg8 33. Kg1 Rxc2 34. Rxb7 Rxa2 35. Rxa7 Rxa7 36. Bxa7 Kf7 37. Kf2 Ke6 38. Ke3 g5 39.
b4 Be5 40. b5 Kd6 41. Bb8+ Ke6 42. Bxe5 Kxe5 43. b6 Kd6 44. c5+ Kc6 45. Kd4 h5 46.
Ke5 f4 47. Ke4 1-0

[Event "Late-Titled-Tuesday-Blitz-August-29-2023"]
[Site "Chess.com"]
[Date "2023.08.29"]
[Round "3"]
[White "Fore_Man"]
[Black "The_Straightforward_Rook"]
[Result "0-1"]
[WhiteElo "2308"]
[BlackElo "2484"]
[TimeControl "180+1"]
[EndTime "14:28:22 PDT"]
[Termination "The_Straightforward_Rook won by checkmate"]

1. Nf3 Nf6 2. c4 e6 3. d4 Bb4+ 4. Bd2 a5 5. a3 Bxd2+ 6. Qxd2 Nc6 7. Nc3 d6 8. e4 e5 9. d5 Nb8 10. Bd3 Nbd7 11. O-O Nc5 12. Bc2 a4 13. Rfe1 O-O 14.
Qd1 Bd7 15. Qe2 h6 16. Nh4 g6 17. g3 Kh7 18. Ng2 Nh5 19. f4 exf4 20. gxf4 Qf6 21. e5 Qg7 22. Qxh5 Rae8 23. Qe2 Kh8 24. Ne4 Nxe4 25.
Qxe4 Bf5 26. Qe2 Bxc2 27. Qxc2 dxe5 28. fxe5 Rxe5 29. Rxe5 Qxe5 30. Re1 Qd6 31. Qc3+ Kh7 32. Qe3 b5 33. Qe7 bxc4 34. Qxd6 cxd6 35. Re4 Rc8 36. Re3 Rb8 37. Re2 Rb5 38. Ne3 Kg7 39.
Nxc4 Rxd5 40. Re4 Rd1+ 41. Kg2 d5 42. Rf4 dxc4 43. Rxc4 Rd2+ 44. Kg3 Rxb2 45. Rxa4 Ra2 46. Ra6 h5 47. h4 Ra1 48. a4 Rg1+ 49. Kh2 Rg4 50. Kh3 Kh6 51. a5 Ra4 52. Ra8 Kg7 53. a6 Kf6 54. a7 Ra3+ 55. Kg2 Kf5 56. Kh2 Kg4 57. Rc8 Rxa7 58. Rc4+ Kf5 59. Kh3 Ra3+ 60.
Kg2 Re3 61. Rc5+ Re5 62. Rc4 Re4 63. Rc5+ Kg4 64. Rc7 Rf4 65. Rc1 Kxh4 66. Rh1+ Kg4 67. Rd1 Ra4 68. Rd5 Ra2+ 69. Kg1 f5 70. Rd6 g5 71.
Rf6 f4 72. Rb6 Kg3 73. Rb1 f3 74. Rf1 g4 75. Kh1 h4 76. Kg1 Kh3 77. Kh1 g3 78. Rxf3 Ra1+ 79. Rf1 Rxf1# 0-1

[Event "Late-Titled-Tuesday-Blitz-August-29-2023"]
[Site "Chess.com"]
[Date "2023.08.29"]
[Round "3"]
[White "AleksandraMilovic"]
[Black "GMMikhailKazakov"]
[Result "1-0"]
[WhiteElo "2139"]
[BlackElo "2367"]
[TimeControl "180+1"]
[EndTime "14:28:22 PDT"]
[Termination "AleksandraMilovic won on time"]

1. e4 c5 2. Nf3 d6 3. Bb5+ Nd7 4. c4 g6 5. Nc3 Bg7 6. d4 cxd4 7. Nxd4 Nf6 8. Be3 O-O 9. f3 Nc5 10. Qd2 a6 11. Ba4 Nxa4 12. Nxa4 Bd7 13. Nc3 Qb8 14.
O-O b5 15. cxb5 axb5 16. a3 Rc8 17. Rfc1 Be8 18. Qd3 b4 19. axb4 Qxb4 20. Rxa8 Rxa8 21. Nc2 Qb7 22. b4 Nd7 23. Nd5 Ne5 24. Qb3 e6 25. Nb6 Rb8 26. Nc4 Nxc4 27. Qxc4 Rc8 28. Qb3 Rc3 29. Qa2 Qc8 30. Qb1 d5 31. exd5 exd5 32. Ne1 d4 33. Bd2 Rxc1 34. Qxc1 Qe6 35. Nd3 Bb5 36. Nf4 Qd7 37. Qc5 h5 38. h3 d3 39. Qd5 Qxd5 40. Nxd5 Bf8 41. Nc7 Bc6 42. b5 Bb7 43. Kf2 Bc5+ 44. Ke1 Bb6 45. Na6 f5 46. Nb4 Kf7 47. Nxd3 Ke6 48. Nf4+ Kf7 49. Ke2 1-0

[Event "Late-Titled-Tuesday-Blitz-August-29-2023"]
[Site "Chess.com"]
[Date "2023.08.29"]
[Round "3"]
[White "JerMorGurgeh"]
[Black "trriinu"]
[Result "1-0"]
[WhiteElo "2417"]
[BlackElo "2211"]
[TimeControl "180+1"]
[EndTime "14:28:23 PDT"]
[Termination "JerMorGurgeh won on time"]

1. d4 g6 2. Nf3 Bg7 3. c4 c6 4. g3 d5 5. cxd5 cxd5 6. Bg2 Nc6 7. Nc3 Bg4 8. h3 Bxf3 9. Bxf3 e6 10.
e3 Nge7 11. O-O O-O 12. Bg2 Nf5 13. b3 Rc8 14. Bb2 Qg5 15. Qe2 h5 16. Kh2 Rfd8 17.
Rac1 Bf8 18. Na4 Bd6 19. Kg1 Nce7 20. Nc5 e5 21. Nxb7 exd4 22. Nxd6 Nxd6 23. Bxd4 Nef5 24.
Be5 Ne4 25. Bf4 Qf6 26. h4 Nxh4 27. gxh4 Qxh4 28. Rxc8 Rxc8 29. Bxe4 dxe4 30. Bg3 Qg5 31. Kh2 h4 32. Bf4 Qf5 33. Rg1 Kh7 34. Qg4 Qf6 35.
Qg5 Qxg5 36. Bxg5 Rc2 37. Bxh4 Rxa2 38. Rb1 Kg7 39. Kg2 f5 40. Bg3 g5 41. Be5+ Kf7 42. Bd4 Ra3 43. b4 Ke6 44. b5 Kd5 45. Rc1 Ra2 46. Rc5+ Ke6 47. Re5+ Kd6 48. Rxf5 1-0

[Event "Late-Titled-Tuesday-Blitz-August-29-2023"]
[Site "Chess.com"]
[Date "2023.08.29"]
[Round "3"]
[White "sergiochess83"]
[Black "maciek_92"]
[Result "0-1"]
[WhiteElo "2943"]
[BlackElo "2740"]
[TimeControl "180+1"]
[EndTime "14:28:24 PDT"]
[Termination "maciek_92 won on time"]

1. d4 Nf6 2. c4 d6 3. Nc3 Nbd7 4. e4 e5 5. Nf3 g6 6. Be2 Bg7 7. O-O O-O 8. Re1 Re8 9. Bf1 exd4 10. Nxd4 Nc5 11. f3 a5 12. Ndb5 Bf8 13. Bf4 Nh5 14. Be3 Ne6 15. Qd2 c6 16. Nd4 a4 17. Rad1 Qa5 18.
Nce2 Qc7 19. Ng3 Nhg7 20. f4 Nc5 21. Bf2 h5 22. Bd3 h4 23. Nf1 Bg4 24. Rc1 h3 25. g3 Rad8 26. Bb1 Nh5 27. b4 axb3 28. axb3 Nf6 29. f5 Ncxe4 30. Qf4 g5 31. Qe3 Bh6 32. Bxe4 Rxe4 33. Qd3 Rde8 34. Rxe4 Rxe4 35. Nd2 Re8 36. Be3 Qe7 37. Re1 d5 38. Nc2 Qd7 39. Rf1 dxc4 40.
Qxd7 Nxd7 41. Nxc4 Be2 42. Ra1 Bxc4 43. bxc4 Ne5 44.
Ra7 Ng4 45. Bd4 Bf8 46. Rxb7 c5 47. Bc3 Re2 0-1

[Event "Late-Titled-Tuesday-Blitz-August-29-2023"]
[Site "Chess.com"]
[Date "2023.08.29"]
[Round "3"]
[White "vladislavkovalev"]
[Black "DeTimmerman"]
[Result "1-0"]
[WhiteElo "2915"]
[BlackElo "2690"]
[TimeControl "180+1"]
[EndTime "14:28:24 PDT"]
[Termination "vladislavkovalev won by resignation"]

1. e4 e5 2. Nf3 Nc6 3. Bb5 Nge7 4. Nc3 a6 5. Ba4 Ng6 6. h4 h5 7. Bb3 Be7 8. d3 d6 9. Ng5 Bxg5 10. hxg5 h4 11. a3 Nd4 12. Ba2 Be6 13. Bxe6 Nxe6 14. Qg4 Nd4 15. Kd1 Qd7 16. Qxd7+ Kxd7 17. Be3 Ne6 18. Kd2 Ngf4 19. g3 hxg3 20. fxg3 Ng6 21. Nd5 Rxh1 22. Rxh1 Rh8 23. Rxh8 Nxh8 24. b4 Ng6 25. c4 Ne7 26. a4 Nxd5 27. exd5 Nf8 28. Ke2 Ng6 29. Kf3 Ne7 30. Ke4 g6 31. d4 exd4 32.
Bxd4 Nf5 33. Bf2 b6 34. g4 Ne7 35. c5 bxc5 36. bxc5 c6 37. cxd6 Nxd5 38. Ke5 a5 39. Be1 Nb6 40. Kf6 Kxd6 41. Kxf7 Nxa4 42. Kxg6 Nc5 43. Kf7 Ne6 44. g6 a4 45. g7 Nxg7 46. Kxg7 c5 47. g5 a3 48. g6 a2 49. Bc3 Kd5 50.
Kh6 Kc4 51. Ba1 Kb3 52. g7 1-0

[Event "Late-Titled-Tuesday-Blitz-August-29-2023"]
[Site "Chess.com"]
[Date "2023.08.29"]
[Round "3"]
[White "GianmarcoVaR"]
[Black "IamSchrodingersCat"]
[Result "0-1"]
[WhiteElo "2731"]
[BlackElo "2562"]
[TimeControl "180+1"]
[EndTime "14:28:24 PDT"]
[Termination "IamSchrodingersCat won on time"]

1. e4 c5 2. Nf3 d6 3. Bb5+ Nc6 4.
O-O Bd7 5. Re1 Nf6 6. c3 a6 7.
Bf1 Bg4 8. d4 Bxf3 9. gxf3 cxd4 10. cxd4 e5 11. d5 Ne7 12. Be3 Ng6 13. Bh3 Be7 14. Bf5 O-O 15. Bxg6 fxg6 16. Nd2 Nh5 17. Kh1 Bg5 18. Rg1 Bxe3 19. fxe3 Rc8 20. Rc1 Qh4 21.
Qe1 Qh3 22. Qf1 Qh4 23. Qg2 b5 24. Rc6 Rxc6 25. dxc6 Rc8 26. Rc1 Nf6 27. Nb3 d5 28. exd5 Nxd5 29. Qd2 Nf6 30. c7 Qh3 31. Qd8+ Kf7 32.
Nd2 Qd7 33. Qxd7+ Nxd7 34. Ne4 Ke7 35. Rc6 Nf6 36. Nc5 Ne8 37. Nxa6 Kd7 38. Nb8+ Ke7 39.
Rc5 Rxc7 40. Rxb5 Rc1+ 41. Kg2 Rc2+ 42. Kg3 Nd6 43. Rxe5+ Kf6 44. Rd5 Nf5+ 45. Kf4 Rc4+ 46. e4 g5+ 47. Kg4 Ne3+ 48. Kg3 Nxd5 49. exd5 Rb4 50. Nd7+ Ke7 0-1

[Event "Late-Titled-Tuesday-Blitz-August-29-2023"]
[Site "Chess.com"]
[Date "2023.08.29"]
[Round "3"]
[White "scandalgod"]
[Black "Berardino"]
[Result "0-1"]
[WhiteElo "2465"]
[BlackElo "2679"]
[TimeControl "180+1"]
[EndTime "14:28:24 PDT"]
[Termination "Berardino won by resignation"]

1. d4 Nf6 2. c4 e6 3. g3 c5 4. d5 exd5 5. cxd5 d6 6. Nc3 g6 7. Nf3 Bg7 8. Bg2 O-O 9. O-O Na6 10. Bf4 Re8 11. Re1 Nc7 12. a4 b6 13. e4 Bg4 14.
h3 Bxf3 15. Bxf3 Qd7 16. Kg2 Rad8 17. Qd2 Qe7 18. e5 dxe5 19. Rxe5 Qf8 20. Rxe8 Ncxe8 21. a5 Nd6 22. axb6 axb6 23. Ra7 b5 24. Bxd6 Qxd6 25. Nxb5 Qb6 26. Qa5 Qxa5 27. Rxa5 Nxd5 28. Bxd5 Rxd5 29. Ra8+ Bf8 30. Nc3 Rd2 31. Ne4 Rc2 32. Nf6+ Kg7 33. Ne8+ Kh6 34. Rb8 c4 35. Nf6 Bc5 36. Ne4 Bd4 37.
Rc8 Bxb2 38. g4 Bd4 39. Kg3 f5 40. gxf5 gxf5 41. Nd6 Be5+ 42. f4 Bxd6 43. Rc6 Rd2 44. Rxc4 Kh5 45. Ra4 Rd3+ 46. Kf2 Kh4 47. Ra6 Kxh3 0-1

[Event "Late-Titled-Tuesday-Blitz-August-29-2023"]
[Site "Chess.com"]
[Date "2023.08.29"]
[Round "3"]
[White "Ali_rastbod"]
[Black "Eloist"]
[Result "1-0"]
[WhiteElo "2676"]
[BlackElo "2463"]
[TimeControl "180+1"]
[EndTime "14:28:25 PDT"]
[Termination "Ali_rastbod won by checkmate"]

1. Nf3 Nf6 2. b3 b6 3. Bb2 Bb7 4. g3 g6 5. Bg2 Bg7 6. O-O O-O 7. c4 c5 8. d4 cxd4 9. Qxd4 d6 10. Nc3 Nbd7 11. Rac1 a6 12. Rfd1 Ne4 13. Qe3 Nxc3 14. Bxc3 Bxc3 15. Rxc3 b5 16. Qh6 Nf6 17. Rdc1 Qb6 18. Qe3 Qxe3 19. Rxe3 Rfc8 20. Rxe7 Bd5 21.
Nd2 Bxg2 22. Kxg2 Nd5 23. Rd7 Rc6 24. Re1 Nb6 25. Rb7 bxc4 26. Rc1 d5 27. bxc4 Nxc4 28. Kh3 Rac8 29. Nf3 Re6 30. e3 Rf6 31. Nd4 Rxf2 32. a4 Re8 33. Rc3 Rxe3 34. Rxe3 Nxe3 35. Nc6 h5 36. Kh4 Rxh2+ 37. Kg5 Rg2 38. Kf4 Nf5 39. Ne5 Rxg3 40. Nxf7 Rg4+ 41. Ke5 Re4+ 42. Kf6 Re8 43. Ng5 Nh4 44. Rg7+ Kf8 45. Nh7# 1-0

[Event "Late-Titled-Tuesday-Blitz-August-29-2023"]
[Site "Chess.com"]
[Date "2023.08.29"]
[Round "3"]
[White "lefonghua"]
[Black "stasOR4ik"]
[Result "1/2-1/2"]
[WhiteElo "2642"]
[BlackElo "2452"]
[TimeControl "180+1"]
[EndTime "14:28:26 PDT"]
[Termination "Game drawn by agreement"]

1. d4 d5 2. c4 c6 3. Nf3 Nf6 4. Nc3 dxc4 5. a4 Bf5 6. Ne5 e6 7.
f3 Nbd7 8. Nxc4 Bg6 9. e4 Bb4 10.
Be2 O-O 11. O-O Qc7 12. Be3 e5 13. Nxe5 Nxe5 14. dxe5 Qxe5 15. f4 Qe7 16. f5 Nxe4 17. Nxe4 Qxe4 18. Qd3 Rae8 19. fxg6 Qxe3+ 20. Qxe3 Rxe3 21. gxf7+ Kh8 22. Bc4 g6 23. Rad1 Bc5 24. Kh1 Re4 25.
b3 a6 26. Rd7 b5 27. axb5 axb5 28. Bd3 Re7 29. Rxe7 Bxe7 30. Be4 Kg7 31. Bxc6 Rxf7 32. Rxf7+ Kxf7 33. Bxb5 Kf6 34. Kg1 Bc5+ 35. Kf1 Ke5 36. Ke2 g5 37. h3 h5 38. Be8 h4 39. Kd3 Ba3 40. Kc4 Kd6 41. Kb5 Kc7 42. Ka5 Kb8 43.
b4 Bc1 44. Kb6 Bd2 45. b5 Bc1 46. Kc6 Bd2 47. Kd5 Bc1 48. Ke4 Bd2 49. Kf5 Bc1 50. Bc6 Bd2 51. Kg4 Bc1 52. Bd5 Bd2 53.
g3 hxg3 54. Kxg3 Bc1 55. Kg4 Bd2 56. Be4 Bc1 57. Bf3 Bd2 58. Be2 Bc1 59. Bd3 Bd2 60. Bc4 Bc1 61. Kf3 Bd2 62. Ke2 Bf4 63. Bd5 Kc7 64. Bc6 Kb6 65. Bd7 Bc1 66. Be8 Bf4 67.
Bc6 Bc1 68. Kf3 Kc7 69. Kg4 Kb6 70. Bd7 Kc7 71. Be8 Kb6 72. h4 gxh4 73. Kxh4 Bb2 74. Kg4 Bg7 75. Bc6 Bh8 76. Kf5 1/2-1/2

[Event "Late-Titled-Tuesday-Blitz-August-29-2023"]
[Site "Chess.com"]
[Date "2023.08.29"]
[Round "3"]
[White "ariosp"]
[Black "ShrookWafa"]
[Result "1/2-1/2"]
[WhiteElo "2236"]
[BlackElo "2414"]
[TimeControl "180+1"]
[EndTime "14:28:27 PDT"]
[Termination "Game drawn by repetition"]

1. e4 c5 2. Nf3 Nc6 3. d4 cxd4 4. Nxd4 Nf6 5. Nc3 e5 6. Ndb5 d6 7. Bg5 a6 8. Na3 b5 9. Bxf6 gxf6 10. Nd5 Bg7 11. Bd3 O-O 12. O-O Be6 13. c3 f5 14.
Nc2 f4 15. a4 Rb8 16. axb5 axb5 17. Ra6 Ne7 18. Ncb4 Nxd5 19. exd5 Bc8 20. Nc6 Qc7 21. Nxb8 Qxb8 22. Ra5 Bd7 23. Qe2 b4 24. c4 f5 25.
Rfa1 e4 26. Bb1 Qe8 27. Ra7 Be5 28. Qd2 Qh5 29. Rxd7 f3 30. g3 Qh3 31. Qg5+ Kh8 32.
Rxh7+ Qxh7 33. h4 Rg8 34. Qe3 Qxh4 35. Ra8 Bxg3 36. Rxg8+ Kxg8 37. fxg3 Qxg3+ 38. Kf1 Qg2+ 39. Ke1 Qh1+ 40. Kd2 Qxb1 41. Qg5+ Kf7 42. Qxf5+ Ke8 43. Qe6+ Kd8 44. Qxd6+ Ke8 45. Qe6+ Kf8 46. Qf6+ Kg8 47. Qg6+ Kh8 48. Qh6+ Kg8 49. Qg6+ Kh8 50. Qh6+ Kg8 51. Qg6+ 1/2-1/2

[Event "Late-Titled-Tuesday-Blitz-August-29-2023"]
[Site "Chess.com"]
[Date "2023.08.29"]
[Round "3"]
[White "jinxy2009"]
[Black "santosalberto1987"]
[Result "0-1"]
[WhiteElo "2347"]
[BlackElo "2556"]
[TimeControl "180+1"]
[EndTime "14:28:28 PDT"]
[Termination "santosalberto1987 won by resignation"]

1. e4 e6 2. d4 d5 3. Nc3 Nf6 4. e5 Nfd7 5. f4 c5 6. Nf3 Nc6 7. Be3 Qb6 8. Na4 Qa5+ 9. c3 b6 10. a3 c4 11. b4 cxb3 12. Qxb3 Ba6 13. Bxa6 Qxa6 14. Nb2 Rc8 15. Kf2 Be7 16. a4 Na5 17. Qc2 Nc4 18. Nxc4 Rxc4 19. Nd2 Rc6 20. Rhf1 O-O 21.
f5 Rfc8 22. Rac1 f6 23. fxe6 Rxe6 24. Qf5 Nf8 25. Kg1 Kh8 26. Nf3 Qxa4 27. Nh4 fxe5 28.
Nf3 e4 29. Ng5 Rf6 30. Nf7+ Kg8 31. Qxd5 Qc4 32. Nh6+ Kh8 33. Qxc4 Rxc4 34. Rxf6 Bxf6 35. Ng4 Nd7 36. Nxf6 Nxf6 37. Kf2 Nd5 38. Ke2 Rxc3 39. Rf1 Rxe3+ 40. Kd2 h6 41. Rf5 Rd3+ 42. Ke2 Nf6 43. Re5 Rxd4 44. Re7 a5 45. Ra7 Rb4 46. Ra6 a4 47.
Kd2 b5 48. Kc2 Rb3 49. Ra5 e3 50. Kd1 a3 51. Ke2 b4 52. Ra8+ Kh7 53. Ra4 Rb2+ 54.
Kf3 a2 55. h3 b3 56. Kxe3 Rb1 57. Kd3 a1=Q 58. Rxa1 Rxa1 59. Kc4 b2 60. Kc3 b1=Q 0-1